 Dungeon Crawl Stone Soup version 0.19.4 (webtiles) character file.

107 ToldLengthways the Ruffian (level 4, -2/40 HPs)
             Began as a Ghoul Monk on Feb 1, 2017.
             Killed from afar by an orc wizard (4 damage)
             ... with a magic dart
             ... on level 3 of the Dungeon.
             The game lasted 00:04:16 (1857 turns).

ToldLengthways the Ruffian (Ghoul Monk)             Turns: 1857, Time: 00:04:16

Health: -2/40      AC:  3    Str: 14    XL:     4   Next: 86%
Magic:  12/12      EV: 12    Int:  5    God:
Gold:   89         SH:  0    Dex: 12    Spells: 0 memorised, 3 levels left

rFire  . . .     SeeInvis .       - Unarmed
rCold  + . .     Gourm    .     j - +0 leather armour (curse)
rNeg   + + +     Faith    .     (no shield)
rPois  ∞         Spirit   .     (no helmet)
rElec  .         Reflect  .     (no cloak)
rCorr  .         Harm     .     (no gloves)
MR     .....                    (no boots)
Stlth  ++........               (no amulet)
                                (no ring)
                                n - ring of magical power

@: rotting
A: rotting body, claws 1, carnivore 3, cold resistance 1, negative energy
resistance 3, slow regeneration 1, torment resistance, unbreathing
a: no special abilities


You were on level 3 of the Dungeon.
You were not hungry.

You visited 1 branch of the dungeon, and saw 3 of its levels.

You collected 89 gold pieces.

Inventory:

Hand Weapons
 k - a +3 short sword
Armour
 a - a +0 robe
 j - a cursed +0 leather armour (worn)
 q - a +0 ring mail
 r - a +0 chain mail
Jewellery
 n - a ring of magical power (left claw)
Scrolls
 d - 3 scrolls of identify {unknown}
 e - 2 scrolls of amnesia {unknown}
 g - a scroll of enchant weapon {unknown}
 o - a scroll of teleportation {unknown}
 p - 3 scrolls of blinking {unknown}
Potions
 f - a potion of agility {unknown}
 h - a potion of resistance {unknown}
 l - a potion of flight {unknown}
Comestibles
 b - 4 meat rations
 c - 5 chunks of flesh
 i - a slice of pizza
 m - a beef jerky


   Skills:
 + Level 4.0 Fighting
 + Level 1.2 Armour
 - Level 3.1 Dodging
 - Level 2.1 Stealth
 + Level 4.7 Unarmed Combat


You had 3 spell levels left.
You didn't know any spells.

Dungeon Overview and Level Annotations

Branches:
Dungeon (3/15)

Altars:


Innate Abilities, Weirdness & Mutations

Your body is rotting away.
You thrive on raw meat.
You are immune to poison.
You have sharp fingernails.
You are carnivorous and can eat meat at any time.
Your flesh is cold resistant. (rC+)
You are immune to negative energy. (rN+++)
You regenerate slowly when monsters are visible.
You are immune to unholy pain and torment.
You can survive without breathing.


Message History

You scratch the orc wizard.
The orc wizard is moderately wounded.
The jackal bites you.
The orc wizard hits you but does no damage.
The jackal closely misses you. The jackal misses you.
The orc hits you from afar with a trident.
* * * LOW HITPOINT WARNING * * *
The jackal bites you but does no damage.
The orc wizard hits you but does no damage.
The jackal barely misses you.
The orc wizard mumbles some strange words.
The orc wizard blinks!
The jackal bites you but does no damage.
The orc wizard casts a spell at you. The magic dart hits you!
* * * LOW HITPOINT WARNING * * *
The jackal barely misses you.
The orc wizard gestures at you while chanting.
The magic dart hits you!
You die...

######## #......#
#......### #........#
.#####.....$..##
.......(h.o....######
#..####.h.@.........#####
#....oh####.)...........
##..†o.# ##..#.......#
#....<.. ##.#.......##
####.##... #..........##
#.. ##...##.........# ##.
###. #....>..# #
#..#.......# ##.#.......#


You could see an orc wizard, an orc and 3 jackals.

Vanquished Creatures
  3 adders (D:2)
  2 oozes
  4 dart slugs
  4 leopard geckos
  An orc (D:3)
  3 giant cockroaches
  8 goblins
  8 hobgoblins
  8 jackals
  A quokka (D:2)
  4 bats
  A frilled lizard (D:1)
  5 kobolds
  2 rats
54 creatures vanquished.

Notes
Turn   | Place    | Note
-------+----------+-------------------------------------------
     0 | D:1      | ToldLengthways the Ghoul Monk began the quest for the Orb.
     0 | D:1      | Reached XP level 1. HP: 19/19 MP: 0/0
   176 | D:1      | Reached XP level 2. HP: 26/26 MP: 1/1
   493 | D:1      | Reached XP level 3. HP: 33/33 MP: 2/2
  1187 | D:2      | Reached XP level 4. HP: 38/40 MP: 3/3
  1581 | D:2      | Reached skill level 1 in Armour
  1856 | D:3      | HP: 1/40 [orc wizard/magic dart (8)]
  1857 | D:3      | Killed from afar by an orc wizard

Skill      XL: |  1  2  3  4 |
---------------+-------------+-----
Dodging        | 3 |  3.1
Unarmed Combat | 4 |  4.7
Fighting       | 4 |  4.0
Armour         | 1 |  1.2
Stealth        | |  2.1

Action                   |  1- 3 |  4- 6 || total
-------------------------+-------+-------++-------
Melee: Unarmed           |   112 |    70 ||   182
       Punch             |     2 |       ||     2
 Stab: Sleeping          |     3 |       ||     3
       Distracted        |     1 |       ||     1
  Eat: Chunk             |     5 |     2 ||     7
Armor: Robe              |     9 |       ||     9
       Leather armour    |     7 |    28 ||    35
Dodge: Dodged            |    62 |    65 ||   127
